 Dungeon Crawl Stone Soup version 0.30-a0-305-g026cb31310 (webtiles) character file.

Game seed: 16964462318706478047

1959 koil the Covert (level 9, 0/67 HPs)
             Began as a Spriggan Brigand on Oct 22, 2022.
             Was an Initiate of Wu Jian.
             Succumbed to a water moccasin's poison
             ... on level 7 of the Dungeon.
             The game lasted 00:23:17 (6485 turns).

koil the Covert (Spriggan Brigand)                  Turns: 6485, Time: 00:23:18

Health: 0/67       AC: 28    Str:  7    XL:     9   Next: 0%
Magic:  18/18      EV:  4    Int: 16    God:    Wu Jian [......]
Gold:   557        SH:  0    Dex: 17    Spells: 17/19 levels left

rFire   . . .      SeeInvis +    a - +3 dagger
rCold   + . .      Faith    .    (no shield)
rNeg    . . .      Spirit   .    (body armour currently unavailable)
rPois   +          Reflect  .    (helmet currently unavailable)
rElec   .          Harm     .    (cloak currently unavailable)
rCorr   .          Rampage  .    (gloves unavailable)
Will    +....      NoTele   +    (boots unavailable)
Stlth   ++++......               (no amulet)
HPRegen 0.31/turn                h - ring of protection from cold
MPRegen 0.16/turn                j - +4 ring of protection

@: lethally poisoned (0 -> -6), tree-form
A: stationary, stasis, torment immunity, boosted hp, very small, no large
weapons, unfitting armour, see invisible, (speed 3)
a: Renounce Religion


You were on level 7 of the Dungeon.
You worshipped Wu Jian.
Wu Jian was noncommittal.
You were a tree.
You visited 1 branch of the dungeon, and saw 7 of its levels.

You collected 565 gold pieces.
You spent 8 gold pieces at shops.

Inventory:

Hand Weapons
 a - a +3 dagger (weapon)
 n - a +2 dagger
 v - a +2 vampiric spear
 L - a +2 hand axe of flaming
 M - a +2 vorpal hand axe
Missiles
 d - 15 poisoned darts (quivered)
 e - 2 curare-tipped darts
 E - 2 throwing nets
 O - 6 boomerangs of dispersal
Armour
 c - a +0 cloak (melded)
 D - a +2 hat (melded)
 G - a +0 robe (melded)
Magical Staves
 N - a staff of poison
Jewellery
 h - a ring of protection from cold (left branch)
 j - a +4 ring of protection (right branch)
 k - a ring of protection from fire
 s - a ring of protection from fire
 K - a ring of fire
 Q - the ring of Mamuelo {*Corrode rF+ Str+10 Slay+4}
   (You found it on level 6 of the Dungeon)

   [ring of protection from fire]

   Str:       It affects your strength (+10).
   Slay:      It affects your accuracy & damage with ranged weapons and melee
   (+4).
   rF:        It protects you from fire.
   *Corrode:  It may corrode you when you take damage.
Wands
 g - a wand of digging (7)
 P - a wand of flame (17)
Scrolls
 b - a scroll of enchant weapon {unknown}
 m - 2 scrolls of vulnerability {unknown}
 o - 3 scrolls of immolation {unknown}
 p - a scroll of silence {unknown}
 q - a scroll of blinking {unknown}
 r - 7 scrolls of identify
 t - 3 scrolls of fear {unknown}
 w - 2 scrolls of enchant armour {unknown}
 y - 2 scrolls of torment {unknown}
 B - 3 scrolls of teleportation {unknown}
 C - a scroll of acquirement {unknown}
 H - a scroll of magic mapping {unknown}
 J - a scroll of amnesia {unknown}
 R - a scroll of butterflies {unknown}
Potions
 f - a potion of lignification
 i - 2 potions of degeneration {unknown}
 l - 2 potions of haste {unknown}
 u - a potion of berserk rage {unknown}
 x - 4 potions of mutation {unknown}
 z - a potion of resistance {unknown}
 A - a potion of cancellation {unknown}
 F - a potion of magic {unknown}
 I - 4 potions of curing {unknown}
 S - a potion of attraction {unknown}


   Skills:
 + Level 4.2 Fighting
 + Level 5.5 Short Blades
 - Level 2.0 Throwing
 + Level 6.5 Dodging
 + Level 9.5 Stealth
 + Level 5.5 Spellcasting
 + Level 5.2 Hexes


You had 17 spell levels left.
You knew the following spells:

 Your Spells              Type           Power      Damage    Failure   Level
a - Ensorcelled Hibernat  Hex/Ice        24%        N/A       8%          2

Your spell library contained the following spells:

 Spells                   Type           Power      Damage    Failure   Level
 Tukima's Dance           Hex            21%        N/A       4%          3
 Magic Dart               Conj           16%        1d3       14%         1
 Summon Small Mammal      Summ           16%        N/A       14%         1
 Portal Projectile        Hex/Tloc       24%        N/A       16%         3
 Summon Guardian Golem    Hex/Summ       12%        N/A       16%         3
 Call Imp                 Summ           4%         N/A       22%         2
 Passwall                 Tmut/Erth      3%         N/A       22%         2
 Call Canine Familiar     Summ           4%         N/A       41%         3
 Mephitic Cloud           Conj/Pois/Air  4%         N/A       41%         3
 Stone Arrow              Conj/Erth      8%         3d7       41%         3
 Swiftness                Air            4%         N/A       41%         3
 Leda's Liquefaction      Hex/Erth       6%         N/A       45%         4
 Yara's Violent Unravell  Hex/Tmut       6%         3d5       80%         5
 Animate Armour           Summ/Erth      8%         N/A       82%         4
 Passage of Golubria      Tloc           4%         N/A       82%         4
 Lehudib's Crystal Spear  Conj/Erth      2%         10d2      100%        8


Dungeon Overview and Level Annotations

Branches:
Dungeon (7/15)
 Temple: D:4-7

Altars:
Dithmenos
Fedhas
Gozag
Hepliaklqana
Makhleb
Nemelex Xobeh
Okawaru
Ru
Uskayaw
Wu Jian
Xom

Shops:
D:5 *


Innate Abilities, Weirdness & Mutations

You are a tree.
Your roots penetrate the ground, keeping you stationary.
You cannot be teleported.
You are immune to unholy pain and torment.
Your maximum health is greatly increased.
Your equipment is partially melded.
You are very small and have problems with some larger weapons.
You are too small for most types of armour.
You have supernaturally acute eyesight. (SInv)
((You cover ground extremely quickly. (Speed+++)))


Message History

You hit the water moccasin but do no damage.
The water moccasin is heavily wounded.
The water moccasin misses you.
You closely miss the water moccasin.
The water moccasin is heavily wounded.
You closely miss the water moccasin.
The water moccasin is heavily wounded.
The water moccasin bites you but does no damage.
The water moccasin bites you.
You closely miss the water moccasin.
The water moccasin is heavily wounded.
You hit the water moccasin.
The water moccasin is severely wounded.
The water moccasin bites you!
* * * LOW HITPOINT WARNING * * *
You are lethally poisoned!
The water moccasin poisons you!
* * * LOW HITPOINT WARNING * * *
You feel very sick.
The orc wizard shouts!
You hear a bark!
Really quaff the potion of lignification?
You turn into a tree.
Your +0 cloak melds into your body.
Your +2 hat melds into your body.
Your +0 robe melds into your body.
Your roots penetrate the ground.
* * * LOW HITPOINT WARNING * * *
You feel very sick.
The water moccasin bites you but does no damage. x2
You hit the water moccasin but do no damage.
The water moccasin is severely wounded.
* * * LOW HITPOINT WARNING * * *
You feel sick.
The water moccasin bites you but does no damage.
You hit the water moccasin.
The water moccasin is severely wounded.
* * * LOW HITPOINT WARNING * * *
You feel sick.
The water moccasin bites you but does no damage.
You closely miss the water moccasin.
The water moccasin is severely wounded.
You die...

#### ############
..... ...........
......######.........
.......♣SoS..$.....##
...$..####..........#
>.... #..........#
.... #..........# ...
#..........#### .#
#.........o....
##..........###
#$.........##
#..........#


You could see 2 water moccasins and an orc wizard (invisible).

Vanquished Creatures
  Edmund (D:6)
  A water moccasin (D:6)
  A black bear (D:5)
  An ogre (D:4)
  4 centaurs
  4 phantoms
  A kobold brigand (D:4)
  A necrophage (D:5)
  A bullfrog (D:6)
  4 scorpions
  A hound (D:4)
  A jelly (D:5)
  2 orc priests
  A gnoll bouda (D:6)
  An iguana (D:4)
  An orc wizard (D:5)
  Robin (D:3)
  7 gnolls
  11 adders
  2 shadow imps (D:6)
  2 ufetubi
  3 dart slugs
  15 orcs
  8 endoplasms
  A giant cockroach (D:1)
  13 goblins
  8 hobgoblins
  4 jackals (D:4)
  2 quokkas
  5 ball pythons
  4 bats
  9 frilled lizards (D:2)
  7 kobolds
  7 rats
135 creatures vanquished.

Vanquished Creatures (others)
  10 fungi (D:5)
10 creatures vanquished.

Grand Total: 145 creatures vanquished

Notes
Turn   | Place    | Note
-------+----------+-------------------------------------------
     0 | D:1      | koil the Spriggan Brigand began the quest for the Orb.
     0 | D:1      | Reached XP level 1. HP: 10/10 MP: 2/2
    88 | D:1      | Reached skill level 6 in Stealth
   112 | D:1      | Reached XP level 2. HP: 15/15 MP: 2/4
   305 | D:1      | Reached skill level 1 in Spellcasting
   610 | D:2      | Found a sparkling altar of Nemelex Xobeh.
   700 | D:2      | Reached XP level 3. HP: 17/18 MP: 5/5
  1216 | D:3      | Noticed Robin
  1290 | D:3      | Killed Robin
  1291 | D:3      | Reached XP level 4. HP: 22/23 MP: 7/7
  1349 | D:3      | Learned a level 2 spell: Ensorcelled Hibernation
  2063 | D:3      | Reached skill level 1 in Hexes
  2063 | D:3      | Reached XP level 5. HP: 26/26 MP: 9/9
  2114 | D:3      | Reached skill level 7 in Stealth
  2549 | D:4      | Found a hazy altar of Hepliaklqana.
  2855 | D:4      | Reached XP level 6. HP: 32/32 MP: 11/11
  3285 | D:4      | Reached XP level 7. HP: 36/36 MP: 13/13
  3816 | D:5      | Entered Level 5 of the Dungeon
  3831 | D:5      | Reached skill level 8 in Stealth
  3832 | D:5      | Found Lecweeso's CLEARANCE SALE!.
  3855 | D:5      | Bought a scroll of identify for 8 gold pieces
  4413 | D:5      | Reached skill level 5 in Dodging
  4480 | D:5      | Reached XP level 8. HP: 24/40 MP: 15/15
  5268 | D:6      | Reached skill level 5 in Short Blades
  5387 | D:6      | Found a shadowy altar of Dithmenos.
  5758 | D:6      | Found an iron altar of Okawaru.
  5789 | D:6      | Identified the ring of Mamuelo {*Corrode rF+ Str+10 Slay+4}
  5886 | D:6      | Reached skill level 9 in Stealth
  5997 | D:6      | Found a blossoming altar of Fedhas.
  5997 | D:6      | Found a burning altar of Makhleb.
  6005 | D:6      | Found a shimmering altar of Xom.
  6007 | D:6      | Found a faded altar of an unknown god.
  6009 | D:6      | Found a hide-covered altar of Uskayaw.
  6078 | D:6      | Reached skill level 5 in Spellcasting
  6095 | D:6      | Found a sacrificial altar of Ru.
  6165 | D:6      | Noticed Edmund
  6205 | D:6      | Killed Edmund
  6206 | D:6      | Reached skill level 5 in Hexes
  6281 | D:6      | Found an opulent altar of Gozag.
  6283 | D:6      | Found an ornate altar of the Wu Jian Council.
  6292 | D:6      | Became a worshipper of the Wu Jian Council
  6434 | D:7      | Reached XP level 9. HP: 14/45 MP: 18/18
  6483 | D:7      | HP: 3/67 [poisoned by a water moccasin]
  6484 | D:7      | HP: 1/67 [poisoned by a water moccasin]
  6485 | D:7      | Succumbed to a water moccasin's poison

Illustrated notes

Levels and vault maps discovered:
D:1:      wander_arrival_peaceful_grave, layout_rooms, minmay_misc_feat_room,
          minmay_cut_off
D:2:      layout_basic, basic_altar, minmay_misc_feat_x, minmay_lizard_king
D:3:      layout_loops_ring, grunt_ministairs_7, grunt_decor_mini_mirrors,
          hangedman_decor_diamond_cutter, minmay_randomly_rotated_circles,
          uniq_robin
D:4:      layout_loops_corners, nicolae_hepliaklqana_hazy_memory,
          nzn_random_ring
D:5:      layout_loops_corners, serial_aquarium, aquarium_bridge_square
          [aquarium_subvault_bridge, aquarium_subvault_bridge,
          aquarium_subvault_window, aquarium_subvault_window],
          aquarium_bridge_straight [aquarium_subvault_bridge,
          aquarium_subvault_wall, aquarium_subvault_bridge,
          aquarium_subvault_window], aquarium_window_fake,
          aquarium_window_corner, aquarium_window_fake, aquarium_view_2e,
          aquarium_view_2d, nicolae_shop_clearance
D:6:      layout_loops_cross, nicolae_dithmenos_shadow_blocks,
          mainiacjoe_overflow_catwalk, nicolae_overflow_hidden_temple,
          chequers_temple_overflow_minitemple, minitemple, uniq_edmund
D:7:      layout_rooms, gammafunk_temple_overflow_wave,
          minmay_temple_entry_butterflies

Skill      XL: |  1  2  3  4  5  6  7  8 |
---------------+-------------------------+-----
Stealth        | 6 7 8 9 |  9.5
Spellcasting   | 1 2 3 4 5 |  5.5
Dodging        | 2 3 4 5 6 |  6.5
Fighting       | 2 3 4 |  4.2
Short Blades   | 3 4 5 |  5.5
Hexes          | 1 2 3 5 |  5.2
Throwing       | |  2.0

Action                   |  1- 3 |  4- 6 |  7- 9 || total
-------------------------+-------+-------+-------++-------
Melee: Dagger            |   108 |   130 |   243 ||   481
       Punch             |     1 |     3 |     3 ||     7
Throw: Dart              |     4 |    36 |    44 ||    84
Invok: Lunge             |       |       |     1 ||     1
  Use: Potion            |       |     1 |     1 ||     2
 Stab: Sleeping          |    15 |    13 |    12 ||    40
       Distracted        |       |     1 |     1 ||     2
Armor: Robe              |    19 |    32 |    55 ||   106
       Skin              |       |       |     4 ||     4
Dodge: Dodged            |    66 |   120 |   167 ||   353

Table legend: (Time is in decaauts)
 A = Elapsed time spent in this place.
 B = Non-inter-level travel time spent in this place.
 C = Inter-level travel time spent in this place.
 D = Time resting spent in this place.
 E = Time spent auto-exploring this place.
 F = Levels seen in this place.
 G = Mean time per level.
                   A        B        C        D        E       F      G
               +--------+--------+--------+--------+--------+-----+--------+
         Total |   4404 |   4186 |    218 |    253 |   2732 |   7 |  629.1 |
       Dungeon |   4404 |   4186 |    218 |    253 |   2732 |   7 |  629.1 |
               +--------+--------+--------+--------+--------+-----+--------+

Top non-repeatable levels by time:
     D:4: 1074 daAuts
     D:5: 1069 daAuts
     D:3: 741 daAuts
     D:6: 718 daAuts
     D:2: 415 daAuts
     D:1: 321 daAuts
     D:7: 63 daAuts
